 Dungeon Crawl Stone Soup version 0.28.0-43-g3370ac3207 (webtiles) character file.

Game seed: 14672625097737140019

21 Ablot the Grasshopper (level 2, 0/26 HPs)
             Began as a Gnoll Warper on Mar 3, 2022.
             Slain by a jackal (2 damage)
             ... on level 1 of the Dungeon.
             The game lasted 00:00:48 (640 turns).

Ablot the Grasshopper (Gnoll Warper)                 Turns: 640, Time: 00:00:48

Health: 0/26       AC:  3    Str: 10    XL:     2   Next: 83%
Magic:  16/16      EV: 12    Int: 12    God:
Gold:   24         SH:  0    Dex: 11    Spells: 8/10 levels left

rFire   . . .      SeeInvis .   a - +0 spear
rCold   . . .      Faith    .   (no shield)
rNeg    . . .      Spirit   .   b - +0 leather armour
rPois   .          Reflect  .   (no helmet)
rElec   .          Harm     .   (no cloak)
rCorr   .          Rampage  .   (no gloves)
Will    .....                   (no boots)
Stlth   +.........              (no amulet)
HPRegen 0.08/turn               e - ring of magical power
MPRegen 0.15/turn               (no ring)

@: no status effects
A: fangs 1, strong nose, distributed training
a: no special abilities


You were on level 1 of the Dungeon.
You visited 1 branch of the dungeon, and saw 1 of its levels.

You collected 24 gold pieces.

Inventory:

Hand Weapons
 a - a +0 spear (weapon)
Missiles
 d - 5 boomerangs of dispersal (quivered)
Armour
 b - a +0 leather armour (worn)
Jewellery
 e - a ring of magical power (left hand)
Scrolls
 c - a scroll of blinking
 f - a scroll of identify {unknown}
 g - a scroll of amnesia {unknown}


   Skills:
 + Level 4.5 Fighting
 + Level 0.5 Short Blades
 + Level 0.5 Long Blades
 + Level 0.5 Axes
 + Level 0.5 Maces & Flails
 + Level 4.5 Polearms
 + Level 0.5 Staves
 + Level 0.5 Slings
 + Level 0.5 Bows
 + Level 0.5 Crossbows
 + Level 2.5 Throwing
 + Level 2.5 Armour
 + Level 4.5 Dodging
 + Level 0.5 Stealth
 + Level 0.5 Shields
 + Level 0.5 Unarmed Combat
 + Level 4.9 Spellcasting
 + Level 0.3 Conjurations
 + Level 0.3 Hexes
 + Level 0.3 Summonings
 + Level 0.3 Necromancy
 + Level 5.3 Translocations
 + Level 0.3 Transmutations
 + Level 0.3 Fire Magic
 + Level 0.3 Ice Magic
 + Level 0.3 Air Magic
 + Level 0.3 Earth Magic
 + Level 0.3 Poison Magic
 + Level 0.6 Invocations
 + Level 0.5 Evocations


You had 8 spell levels left.
You knew the following spells:

 Your Spells              Type           Power      Damage    Failure   Level
a - Blink                 Tloc           30%        N/A       4%          2

Your spell library contained the following spells:

 Spells                   Type           Power      Damage    Failure   Level
 Gell's Gravitas          Tloc           15%        N/A       9%          3
 Lesser Beckoning         Tloc           15%        N/A       9%          3
 Teleport Other           Tloc           15%        N/A       9%          3
 Manifold Assault         Tloc           15%        N/A       63%         5
 Olgreb's Toxic Radiance  Pois           3%         N/A       92%         4
 Statue Form              Tmut/Erth      2%         N/A       100%        6
 Necromutation            Tmut/Necr      1%         N/A       100%        8


Dungeon Overview and Level Annotations

Branches:
Dungeon (1/15)

Altars:

Shops:
D:1 :


Innate Abilities, Weirdness & Mutations

You have very sharp teeth.
Your uncanny sense of smell can sniff out nearby items.
Your experience applies equally to all skills.


Message History

Unknown command.
The jackal completely misses you. The jackal closely misses you.
The jackal closely misses you.
You are too injured to fight recklessly!
You miss the jackal. You bite the jackal, but do no damage.
The jackal closely misses you. The jackal misses you.
You barely miss the jackal.
The jackal bites you but does no damage.
You closely miss the jackal. The jackal closely misses you.
You hit the kobold.
You kill the kobold!
The jackal bites you.
You hit the jackal but do no damage. The jackal misses you.
The jackal bites you.
You barely miss the kobold. You bite the kobold, but do no damage.
The kobold hits you with a +0 short sword.
The jackal closely misses you.
You closely miss the kobold.
The jackal pauses to sniff the ground.
The jackal bites you.
* * * LOW HITPOINT WARNING * * *
The kobold misses you.
You hit the kobold but do no damage. The jackal closely misses you.
The kobold hits you with a +0 short sword.
* * * LOW HITPOINT WARNING * * *
You hit the kobold but do no damage. Your bite misses the kobold.
The jackal closely misses you. The kobold barely misses you.
The jackal bites you but does no damage.
You closely miss the kobold. The jackal barely misses you.
The kobold hits you with a +0 short sword.
* * * LOW HITPOINT WARNING * * *
You barely miss the kobold. You bite the kobold.
The kobold is heavily wounded.
The jackal bites you but does no damage.
You hit the kobold.
You kill the kobold!
The jackal closely misses you.
You hit the jackal but do no damage. The jackal bites you.
You die...

##....^#...............
##...##...............
#######..............
##...........##
###..#.##..##
#............ ####
##........###.
#..>####.........# ##
#..@)............ .
####h...#........ ..
#####..###........
#......###........
#.......##........
#.........#.#.#..
#.....##†...#.#.#..
#.....#####........
####### #†....##.


You could see a jackal.

Vanquished Creatures
  2 ball pythons (D:1)
  2 bats (D:1)
  3 endoplasms (D:1)
  A giant cockroach (D:1)
  A goblin (D:1)
  A hobgoblin (D:1)
  2 jackals (D:1)
  A quokka (D:1)
  2 frilled lizards (D:1)
  2 kobolds (D:1)
  A rat (D:1)
18 creatures vanquished.

Notes
Turn   | Place    | Note
-------+----------+-------------------------------------------
     0 | D:1      | Ablot the Gnoll Warper began the quest for the Orb.
     0 | D:1      | Reached XP level 1. HP: 20/20 MP: 6/6
    54 | D:1      | Got the Papyrus of Shifting Poisoning
    91 | D:1      | Reached XP level 2. HP: 8/26 MP: 7/7
   100 | D:1      | Learned a level 2 spell: Blink
   318 | D:1      | Found Amiri's Book Shoppe.
   640 | D:1      | Slain by a jackal

Illustrated notes

Levels and vault maps discovered:
D:1:      dpeg_arrival_central, layout_rooms, serial_shops, shop

Action                   || total
-------------------------++-------
Melee: Spear             ||    68
       Bite              ||     6
       Punch             ||     1
Armor: Leather armour    ||    13
Dodge: Dodged            ||    52
